 Dungeon Crawl Stone Soup version 0.26-a0-812-g31a745ddcd (webtiles) character file.

Game seed: 18006342084245325351

114 MisterFreud the Chiller (level 4, -2/30 HPs)
             Began as a Demonspawn Ice Elementalist on Nov 26, 2020.
             Killed from afar by an orc wizard (9 damage)
             ... with a magic dart
             ... on level 2 of the Dungeon.
             The game lasted 00:03:37 (2373 turns).

MisterFreud the Chiller (DsIE)                      Turns: 2373, Time: 00:03:38

Health: -2/30      AC:  4    Str:  8    XL:     4   Next: 66%
Magic:  3/7        EV: 12    Int: 17    God:
Gold:   34         SH:  0    Dex: 14    Spells: 4/8 levels left

rFire    + . .     SeeInvis .   j - +4 dagger
rCold    . . .     Faith    +   (no shield)
rNeg     . . .     Spirit   .   a - +0 robe
rPois    +         Reflect  .   i - +0 helmet
rElec    .         Harm     .   r - scarf {shadows}
rCorr    .         Rampage  .   (no gloves)
MR       .....                  (no boots)
Stlth    ++........             f - amulet of faith
HPRegen  0.10/turn              q - ring of flight
MPRegen  0.10/turn              o - ring of poison resistance

@: no status effects
A: talons 1, rugged brown scales 1, fire resistance 1
a: Evoke Flight


You were on level 2 of the Dungeon.
You visited 1 branch of the dungeon, and saw 3 of its levels.

You collected 34 gold pieces.

Inventory:

Hand Weapons
 j - a +4 dagger (weapon)
Armour
 a - a +0 robe (worn)
 i - a +0 helmet (worn)
 r - a scarf of shadows (worn)
Jewellery
 f - an amulet of faith (around neck)
 o - a ring of poison resistance (right hand)
 q - a ring of flight (left hand)
Scrolls
 b - a scroll of enchant armour {unknown}
 c - a scroll of random uselessness {unknown}
 e - 2 scrolls of teleportation {unknown}
 g - 3 scrolls of identify {unknown}
 n - a scroll of fog {unknown}
 p - 2 scrolls of amnesia {unknown}
 s - 3 scrolls of magic mapping {unknown}
Potions
 d - a potion of resistance {unknown}
 h - a potion of attraction {unknown}
 k - a potion of flight {unknown}
 l - a potion of mutation {unknown}
 m - a potion of lignification {unknown}


   Skills:
 - Level 1.7 Dodging
 - Level 1.7 Stealth
 + Level 2.6 Spellcasting
 + Level 5.2 Ice Magic


You had 4 spell levels left.
You knew the following spells:

 Your Spells              Type           Power        Failure   Level
a - Freeze                Ice            ##..         1%          1
b - Frozen Ramparts       Ice            ##....       6%          3

Your spell library contained the following spells:

 Spells                   Type           Power        Failure   Level
 Ozocubu's Armour         Ice            ##......     6%          3
 Hailstorm                Conj/Ice       #.......     52%         4
 Summon Ice Beast         Ice/Summ       #.......     52%         4


Dungeon Overview and Level Annotations

Branches:
Dungeon (3/15)

Altars:


Innate Abilities, Weirdness & Mutations

You have sharp toenails.
You are partially covered in rugged brown scales. (AC +1, +3% HP)
Your flesh is heat resistant. (rF+)


Message History

Unknown command.
You bump into the rock wall.
A magic dart appears from out of thin air!
The magic dart hits you! Something completely misses you.
There is a stone staircase leading down here.
You bump into the rock wall.
Something hits you.
You barely miss something. Something hits you but does no damage.
You bump into the rock wall.
You hear some strange, mumbled words.
A puff of flame appears from out of thin air!
The puff of flame hits you. You resist.
You bump into the rock wall.
Something hits you.
You barely miss something.
You feel less confused. Something hits you.
* * * LOW HITPOINT WARNING * * *
A magic dart appears from out of thin air!
The magic dart hits you!
You die...

...........# #......###.#..######
##'######### ######## #.#..#.....
#.# ###.#..#.####
#.##################...#..#...##
#......)..................#.#.##
#####################.....####.##
...# #.####.....##
##.#######################.######
#...........{..@..........# #
########################### # # #
#


There were no monsters in sight!

Vanquished Creatures
  An orc priest (D:3)
  An orc wizard (D:3)
  An adder (D:2)
  A worm (D:2)
  A dart slug (D:2)
  2 leopard geckos (D:1)
  An orc (D:3)
  A ball python (D:3)
  8 bats
  5 goblins
  6 hobgoblins (D:1)
  7 kobolds
  A frilled lizard (D:2)
  5 rats (D:1)
41 creatures vanquished.

Notes
Turn   | Place    | Note
-------+----------+-------------------------------------------
     0 | D:1      | MisterFreud the Demonspawn Ice Elementalist began the quest
                  | for the Orb.
     0 | D:1      | Reached XP level 1. HP: 13/13 MP: 3/3
   166 | D:1      | Reached skill level 4 in Ice Magic
   190 | D:1      | Gained mutation: You are partially covered in rugged brown
                  | scales. (AC +1, +3% HP) [demonic ancestry]
   190 | D:1      | Reached XP level 2. HP: 13/19 MP: 1/5
   959 | D:1      | Gained mutation: You have sharp toenails. [demonic
                  | ancestry]
   959 | D:1      | Reached XP level 3. HP: 24/24 MP: 6/6
   964 | D:1      | Learned a level 3 spell: Frozen Ramparts
  2351 | D:3      | Reached skill level 5 in Ice Magic
  2355 | D:3      | Gained mutation: Your flesh is heat resistant. (rF+)
                  | [demonic ancestry]
  2355 | D:3      | Reached XP level 4. HP: 25/30 MP: 1/7
  2373 | D:2      | Killed from afar by an orc wizard

Illustrated notes

Levels and vault maps discovered:
D:1:      minmay_arrival_checkered_box, layout_basic, kennysheep_minor_cross
D:2:      layout_basic
D:3:      layout_rooms, lightli_sewer_entry_pipes, serial_park_tiny_2,
          fedhas_altar_1

Skill      XL: |  1  2  3 |
---------------+----------+-----
Ice Magic      | 4 5 |  5.2
Dodging        | |  1.7
Stealth        | |  1.7
Spellcasting   | |  2.6

Action                   |  1- 3 |  4- 6 || total
-------------------------+-------+-------++-------
Melee: Dagger            |    29 |     4 ||    33
       Unarmed           |     1 |       ||     1
       Kick              |     2 |     1 ||     3
 Cast: Freeze            |    37 |       ||    37
       Frozen Ramparts   |     2 |       ||     2
 Stab: Sleeping          |     6 |       ||     6
Armor: Robe              |    13 |     3 ||    16
Dodge: Dodged            |    40 |     1 ||    41

Table legend: (Time is in decaauts)
 A = Elapsed time spent in this place.
 B = Non-inter-level travel time spent in this place.
 C = Inter-level travel time spent in this place.
 D = Time resting spent in this place.
 E = Time spent auto-exploring this place.
 F = Levels seen in this place.
 G = Mean time per level.
                   A        B        C        D        E       F      G
               +--------+--------+--------+--------+--------+-----+--------+
         Total |   2370 |   2230 |    140 |    165 |   1786 |   3 |  790.0 |
       Dungeon |   2370 |   2230 |    140 |    165 |   1786 |   3 |  790.0 |
               +--------+--------+--------+--------+--------+-----+--------+

Top non-repeatable levels by time:
     D:1: 1287 daAuts
     D:2: 1061 daAuts
     D:3: 22 daAuts
